Map: Ruins of Seras

Players

Miltreta

  • Race: Terran Terran
  • League: Bronze

Zergaholic - Winner!

  • Race: Terran Terran
  • League: Silver

VOD

Have the link to the VOD?

Description

Time

  • Played on: March 15, 2016, 9:01 p.m.
  • Length: 12:27
Show
View Real Time Build Order
Export as new Build Order

Miltreta Terran 

Build Orders:  

Get SALT Encoding   

  12  0:01  SCV  
  13  0:13  SCV  
  14  0:23  Supply Depot  
  14  0:26  SCV  
  15  0:31  Refinery  
  15  0:44  SCV  
  15  0:48  Barracks  
  16  0:56  SCV  
  17  1:04  Supply Depot  
  17  1:08  SCV  
  18  1:21  SCV  
  19  1:34  SCV  
  19  1:39  Factory  
  20  1:54  Orbital Command  
  20  1:59  Reaper  
  21  2:08  Refinery  
  21  2:22  SCV  
  22  2:26  Supply Depot  
  22  2:31  Reaper  
  22  2:34  SCV  
  22  2:35  Factory Tech Lab  
  24  3:30  Command Center  
  24  3:34  Barracks  
  24  3:37  Barracks Tech Lab  
  24  3:39  Barracks  
  24  3:40  Barracks  
  24  3:41  SCV  
  25  3:52  Engineering Bay  
  25  3:59  Siege Tank  
  28  4:06  SCV  
  28  4:09  Stimpack  
  29  4:16  Starport  
  29  4:19  Marine  
  30  4:25  Barracks Reactor  
  30  4:27  Barracks Reactor  
  30  4:36  Barracks Tech Lab  
  30  5:04  Bunker  
  30  5:14  Marine x3  
  30  5:15  Marine  
  30  5:16  Marauder  
  30  5:17  Marauder  
  30  5:19  Siege Tank  
  41  5:30  Engineering Bay  
  41  5:36  Marine x3  
  41  5:37  Marine  
  41  5:39  Marauder x2  
  49  6:00  Orbital Command  
  49  6:03  SCV  
  50  6:04  Marine  
  50  6:05  Marine  
  50  6:06  Reaper x2  
  54  6:16  Supply Depot  
  54  6:18  Supply Depot  
  54  6:22  Starport Reactor  
  54  6:25  Refinery  
  54  6:30  Terran Infantry Weapons Level 1  
  54  6:31  Terran Infantry Armor Level 1  
  54  6:35  Marauder  
  54  6:36  Marauder  
  25  7:00  Marine x4  
  25  7:01  Marine  
  14  7:17  SCV x2  
  14  7:20  Marine x2  
  18  7:40  Marine x3  
  21  7:50  Medivac  
  23  7:53  Medivac  
  23  7:58  SCV x2  
  27  8:17  SCV x2  
  29  8:29  SCV  
  30  8:40  Missile Turret  
  30  8:54  Missile Turret  
  20  9:08  Marine x4  
  20  9:09  Marine  
  15  9:17  Missile Turret  
  15  9:44  Marine  
  16  9:55  Marine  
  17  10:25  Marine x3  
  17  10:26  Marine  
  21  10:56  Marine x2  
  23  10:57  Marine x2  
  23  10:58  Marine  
  26  11:17  Marine  
  27  11:52  Marine  
Show
View Real Time Build Order
Export as new Build Order

Zergaholic Terran - Winner!

Build Orders:  

Get SALT Encoding   

  12  0:02  SCV  
  13  0:17  Supply Depot  
  13  0:19  SCV  
  14  0:32  Refinery  
  14  0:43  Barracks  
  14  0:44  SCV  
  15  0:54  Supply Depot  
  15  1:04  SCV  
  16  1:11  Refinery  
  16  1:19  SCV  
  17  1:32  Reaper  
  18  1:33  Barracks  
  18  1:46  Orbital Command  
  18  2:04  Reaper  
  19  2:27  Barracks Reactor  
  19  2:33  Factory, SCV  
  20  2:42  Supply Depot  
  20  2:45  SCV  
  21  3:10  Marine x2  
  21  3:12  Marine  
  24  3:14  SCV  
  24  3:19  Factory Tech Lab  
  25  3:24  Starport  
  25  3:27  Supply Depot  
  25  3:35  Marine x2  
  27  3:44  Barracks Tech Lab  
  27  3:45  Siege Tank  
  30  3:53  Marine x2  
  32  4:05  Starport Reactor  
  32  4:15  Stimpack  
  32  4:17  Marine  
  32  4:23  Siege Tank  
  36  4:28  Marine x2  
  38  4:43  Marine  
  39  4:46  Marine x2, Medivac x2  
  45  5:09  Marine  
  45  5:10  Marine  
  47  5:19  Supply Depot  
  47  5:41  Viking, Marine  
  50  5:44  Engineering Bay  
  52  5:50  Marauder  
  52  5:53  Marine  
  53  5:59  Marine  
  54  6:08  Supply Depot  
  54  6:16  Concussive Shells  
  54  6:30  Medivac x2, Siege Tank  
  49  7:18  Siege Tank  
  49  7:19  Medivac x2  
  49  7:21  Marine x2  
  58  7:23  Marauder  
  60  7:33  Starport  
  60  7:45  Marauder  
  60  7:47  Marine  
  63  8:09  Missile Turret  
  63  8:12  Starport Tech Lab  
  63  8:24  Marine  
  63  8:35  Missile Turret  
  63  8:59  Marine  
  63  9:01  Marine  
  60  9:18  Siege Tank  
  63  9:25  Command Center  
  63  10:20  Command Center  
  63  10:37  Marine x2, Siege Tank  
  68  10:46  Liberator  
  68  10:53  Marauder  
  68  10:54  Marine x2  
  75  11:12  Marine x2  
  77  11:21  Planetary Fortress  
  77  11:30  Marine x2  
  78  11:33  SCV  
  78  11:35  Supply Depot  
  80  12:09  SCV  
  82  12:26  Missile Turret  
Tags
 
Add a new tag
Caveats
  • Supply blocks, unpowered buildings, or Contaminate may cause inaccurate times.
  • Supply counts are checked every 10 seconds.